 Dungeon Crawl Stone Soup version 0.27-a0-249-g74f53ef629 (webtiles) character file.

Game seed: 3454780109898255502

1004752 gimp the Hoplite (level 27, -1/222 HPs)
             Began as an Octopode Earth Elementalist on Feb 3, 2021.
             Was an Initiate of Gozag.
             Killed by a mummy priest's death curse (15 damage)
             ... on level 21 of a ziggurat.
             The game lasted 06:35:34 (98587 turns).

gimp the Hoplite (Octopode Earth Elementalist)     Turns: 98587, Time: 06:35:35

Health: -1/222     AC: 41    Str: 15 (16) XL:     27
Magic:  30/50      EV: 26    Int: 43      God:    Gozag
Gold:   11888      SH: 32    Dex: 22      Spells: 11/72 levels left

rFire    + + +     SeeInvis +     - Unarmed
rCold    + + +     Faith    .   L - +8 tower shield {AC+3}
rNeg     + + +     Spirit   .   (helmet restricted)
rPois    ∞         Reflect  .   g - amulet of Duohig {*Contam rPois Regen+ Int+5}
rElec    +         Harm     .   c - ring of Shadows {Umbra +Inv Stlth+}
rCorr    +         Rampage  .   W - ring of the Queen {rF+ Str+3 Int+5}
Will     ++++.     Rnd*Tele +   C - ring "Teoruab" {rC+ rCorr Slay+3 SInv} Stlth *+++++++++
                                f - ring of the Commoners {+Inv rF+ AC+4 Int+3}
HPRegen  0.87/turn              u - +6 ring of intelligence
MPRegen  0.32/turn              O - ring of the Eleven Places {rF+ rN+ Str+3}
                                Z - ring of Ru's Reproof {Will++ Dex+4 Stlth+}
                                V - ring "Reose" {rC++ rN+}

@: mighty, brilliant, statue-form, gold aura, slowed, wreathed by umbra,
studying 4 skills, very slow
A: almost no armour, stealthy swim, amphibious, 8 rings, constrict 8, beak,
camouflage 1, frail 1, screaming 1, strong 1, teleportitis 1
}: 10/15 runes: serpentine, barnacled, slimy, silver, abyssal, demonic, glowing,
magical, fiery, dark
a: End Transformation, Renounce Religion, Evoke Invisibility, Potion Petition,
Call Merchant, Bribe Branch


You were on level 21 of a ziggurat.
You worshipped Gozag.
Gozag was extremely pleased with you.
You were a stone statue.
You visited 10 branches of the dungeon, and saw 50 of its levels.
You visited Pandemonium 1 time, and saw 13 of its levels.
You visited the Abyss 1 time.
You visited 1 ziggurat, and saw 21 of its levels.
You also visited: Sewer, Ossuary, Bailey, Ice Cave and Volcano.

You collected 49926 gold pieces.
You spent 14306 gold pieces at shops.
You paid 23732 gold pieces to Gozag.

Inventory:

Hand Weapons
 l - a +7 demon trident of draining
Missiles
 K - 22 curare-tipped darts
 X - 13 throwing nets
Armour
 y - a +2 hat
 D - a +8 tower shield of reflection
 I - the +5 tower shield of Divine Intervention {SInv}
   (You took it off a daeva in Pandemonium)

   It lets you see invisible.
 L - a +8 tower shield of protection (worn)
Magical Staves
 b - an uncursed staff of fire
Jewellery
 a - the ring of Kueriviuri {rN+ Dex+6}
   (You found it on level 16 of a ziggurat)

   [ring of positive energy]

   It affects your dexterity (+6).
   It protects you from negative energy.
 c - the ring of Shadows (left tentacle) {Umbra +Inv Stlth+}
   (You bought it in a shop on level 3 of the Depths)

   [ring of stealth]

   It lets you turn invisible.
   It makes you more stealthy.
 f - the ring of the Commoners (on tentacle) {+Inv rF+ AC+4 Int+3}
   (You bought it in a shop on level 3 of the Depths)

   [ring of protection]

   It affects your AC (+4).
   It affects your intelligence (+3).
   It protects you from fire.
   It lets you turn invisible.
 g - the amulet of Duohig (around mantle) {*Contam rPois Regen+ Int+5}
   (You found it on level 12 of the Dungeon)

   [amulet of regeneration]

   It affects your intelligence (+5).
   It protects you from poison.
   It causes magical contamination when unequipped.
   It increases your rate of regeneration.
 j - the ring of Unotanis {MP+9 Int+2 Dex+4}
   (You found it in Pandemonium)

   [ring of magical power]

   It affects your intelligence (+2).
   It affects your dexterity (+4).
   It affects your magic capacity (+9).
 u - a +6 ring of intelligence (on tentacle)
 B - an uncursed ring of protection from cold
 C - the ring "Teoruab" (on tentacle) {rC+ rCorr Slay+3 SInv}
   (You found it on level 3 of the Elven Halls)

   [ring of resist corrosion]

   It affects your accuracy and damage with ranged weapons and melee attacks
   (+3).
   It protects you from cold.
   It lets you see invisible.
   It provides partial protection from all sources of acid and corrosion.
 J - the ring of Ezets {Wiz rElec rC- Will+++ Str+2}
   (You found it on level 11 of the Dungeon)

   [ring of wizardry]

   It improves your spell success rate.
   It affects your strength (+2).
   It makes you vulnerable to cold.
   It insulates you from electricity.
   It affects your willpower, your defense against some magical effects.
 O - the ring of the Eleven Places (on tentacle) {rF+ rN+ Str+3}
   (You found it in Pandemonium)

   [ring of positive energy]

   It affects your strength (+3).
   It protects you from fire.
   It protects you from negative energy.
 V - the ring "Reose" (on tentacle) {rC++ rN+}
   (You found it on level 12 of the Dungeon)

   [ring of positive energy]

   It greatly protects you from cold.
   It protects you from negative energy.
 W - the ring of the Queen (right tentacle) {rF+ Str+3 Int+5}
   (You found it on level 12 of the Dungeon)

   [ring of protection from fire]

   It affects your strength (+3).
   It affects your intelligence (+5).
   It protects you from fire.
 Y - the macabre finger necklace {rN+}
   (You found it on level 13 of a ziggurat)

   [amulet of nothing]

   It protects you from negative energy.
 Z - the ring of Ru's Reproof (on tentacle) {Will++ Dex+4 Stlth+}
   (You found it on level 20 of a ziggurat)

   [ring of stealth]

   It affects your dexterity (+4).
   It affects your willpower, your defense against some magical effects.
   It makes you more stealthy.
Wands
 i - a wand of digging (18)
 A - a wand of iceblast (23)
 T - a wand of acid (20)
Scrolls
 h - 42 scrolls of teleportation
 k - 5 scrolls of amnesia
 n - 20 scrolls of fog
 o - 7 scrolls of fear
 q - 5 scrolls of enchant armour
 r - 34 scrolls of remove curse
 s - 12 scrolls of magic mapping
 x - 2 scrolls of holy word
 G - 46 scrolls of identify
 H - 20 scrolls of blinking
 P - 2 scrolls of summoning
Potions
 e - 11 potions of magic
 p - 8 potions of haste
 t - 47 potions of curing
 w - 17 potions of flight
 z - 11 potions of ambrosia
 F - 19 potions of cancellation
 M - 2 potions of invisibility
 N - 13 potions of heal wounds
 Q - 9 potions of brilliance
 R - 6 potions of might
 S - 2 potions of resistance
Miscellaneous
 d - a lightning rod (4/4)
 m - a tin of tremorstones (2/2)
 v - a condenser vane
 E - a phial of floods
 U - a box of beasts


   Skills:
 + Level 16.9 Fighting
 - Level 10.0 Short Blades
 - Level 15.0 Dodging
 - Level 10.0 Stealth
 + Level 24.2 Shields
 - Level 22.0 Unarmed Combat
 * Level 23.2 Spellcasting
 - Level 10.0 Conjurations
 - Level 3.0 Translocations
 - Level 18.0 Transmutations
 - Level 18.0 Fire Magic
 - Level 2.0 Air Magic
 - Level 21.0 Earth Magic
 - Level 2.0 Poison Magic
 - Level 15.0 Evocations


You had 11 spell levels left.
You knew the following spells:

 Your Spells              Type           Power        Failure   Level
a - Iron Shot             Conj/Erth      67%          1%          6
b - Bolt of Magma         Conj/Fire/Erth 68%          0%          5
d - Lee's Rapid Deconstr  Erth           74%          0%          5
e - Ignition              Fire           70%          1%          8
f - Blink                 Tloc           N/A          1%          2
g - Borgnjor's Vile Clut  Necr/Erth      59%          1%          5
h - Apportation           Tloc           100%         1%          1
i - Passwall              Tmut/Erth      100%         0%          2
j - Irradiate             Conj/Tmut      65%          1%          5
k - Statue Form           Tmut/Erth      96%          1%          6
l - Shatter               Erth           74%          8%          9
m - Dragon Form           Tmut           70%          1%          7

Your spell library contained the following spells:

 Spells                   Type           Power        Failure   Level
 Beastly Appendage        Tmut           100%         0%          1
 Foxfire                  Conj/Fire      100%         0%          1
 Magic Dart               Conj           100%         0%          1
 Sandblast                Erth           100%         0%          1
 Sting                    Tmut/Pois      100%         0%          1
 Searing Ray              Conj           100%         0%          2
 Wereblood                Tmut           100%         0%          2
 Conjure Flame            Conj/Fire      100%         0%          3
 Ignite Poison            Fire/Tmut/Pois 100%         0%          3
 Stone Arrow              Conj/Erth      100%         0%          3
 Petrify                  Tmut/Erth      100%         0%          4
 Sticky Flame             Conj/Fire      100%         0%          4
 Blade Hands              Tmut           70%          0%          5
 Animate Skeleton         Necr           100%         1%          1
 Corona                   Hex            73%          1%          1
 Pain                     Necr           100%         1%          1
 Shock                    Conj/Air       100%         1%          1
 Summon Small Mammal      Summ           100%         1%          1
 Call Imp                 Summ           66%          1%          2
 Corpse Rot               Necr/Air       N/A          1%          2
 Ensorcelled Hibernation  Hex/Ice        100%         1%          2
 Poisonous Vapours        Pois/Air       100%         1%          2
 Slow                     Hex            66%          1%          2
 Sublimation of Blood     Necr           33%          1%          2
 Swiftness                Air            79%          1%          2
 Call Canine Familiar     Summ           66%          1%          3
 Confusing Touch          Hex            66%          1%          3
 Dazzling Flash           Conj/Hex       100%         1%          3
 Frozen Ramparts          Ice            100%         1%          3
 Gell's Gravitas          Tloc           42%          1%          3
 Inner Flame              Hex/Fire       100%         1%          3
 Lesser Beckoning         Tloc           42%          1%          3
 Mephitic Cloud           Conj/Pois/Air  94%          1%          3
 Ozocubu's Armour         Ice            66%          1%          3
 Portal Projectile        Hex/Tloc       100%         1%          3
 Spider Form              Tmut/Pois      58%          1%          3
 Static Discharge         Conj/Air       100%         1%          3
 Summon Guardian Golem    Hex/Summ       66%          1%          3
 Teleport Other           Tloc           85%          1%          3
 Tukima's Dance           Hex            66%          1%          3
 Vampiric Draining        Necr           33%          1%          3
 Airstrike                Air            39%          1%          4
 Fulminant Prism          Conj/Hex       48%          1%          4
 Hailstorm                Conj/Ice       96%          1%          4
 Ice Form                 Ice/Tmut       100%         1%          4
 Iskenderun's Mystic Bla  Conj/Tloc      100%         1%          4
 Leda's Liquefaction      Hex/Erth       59%          1%          4
 Olgreb's Toxic Radiance  Pois           79%          1%          4
 Passage of Golubria      Tloc           N/A          1%          4
 Alistair's Intoxication  Tmut/Pois      78%          1%          5
 Fireball                 Conj/Fire      65%          1%          5
 Iskenderun's Battlesphe  Conj           100%         1%          5
 Lightning Bolt           Conj/Air       50%          1%          5
 Yara's Violent Unravell  Hex/Tmut       56%          1%          5
 Eringya's Noxious Bog    Tmut/Pois      58%          1%          6
 Hydra Form               Tmut           70%          1%          6
 Starburst                Conj/Fire      65%          1%          6
 Summon Lightning Spire   Summ/Air       73%          2%          4
 Animate Dead             Necr           33%          4%          4
 Cause Fear               Hex            33%          4%          4
 Dispel Undead            Necr           66%          4%          4
 Summon Ice Beast         Ice/Summ       66%          4%          4
 Conjure Ball Lightning   Conj/Air       50%          5%          6
 Orb of Destruction       Conj           58%          5%          7
 Summon Forest            Summ/Tloc      38%          6%          5
 Silence                  Hex/Air        36%          8%          5
 Agony                    Necr           66%          11%         5
 Excruciating Wounds      Necr           33%          11%         5
 Metabolic Englaciation   Hex/Ice        33%          11%         5
 Summon Mana Viper        Hex/Summ       66%          11%         5
 Freezing Cloud           Conj/Ice/Air   45%          12%         6
 Spellforged Servitor     Conj/Summ      48%          41%         7
 Death Channel            Necr           33%          52%         6
 Invisibility             Hex            66%          52%         6
 Shadow Creatures         Summ           N/A          52%         6
 Simulacrum               Ice/Necr       33%          52%         6
 Necromutation            Tmut/Necr      56%          54%         8
 Malign Gateway           Summ/Tloc      38%          88%         7
 Haunt                    Necr/Summ      33%          98%         7
 Monstrous Menagerie      Summ           33%          98%         7
 Summon Hydra             Summ           33%          98%         7
 Borgnjor's Revivificati  Necr           33%          100%        8
 Discord                  Hex            33%          100%        8
 Infestation              Necr           33%          100%        8
 Summon Horrible Things   Summ           33%          100%        8
 Death's Door             Necr           33%          100%        9
 Dragon's Call            Summ           33%          100%        9
 Tornado                  Air            39%          100%        9
 Animate Armour           Summ/Erth      Unusable     N/A         4

Dungeon Overview and Level Annotations

Branches:
Dungeon (15/15)            Temple (1/1) D:7            Lair (6/6) D:11
 Shoals (4/4) Lair:4        Snake (4/4) Lair:3        Slime (5/5) Lair:6
    Orc (2/2) D:9             Elf (3/3) Orc:2        Vaults (5/5) D:13
  Crypt (0/3) Vaults:2     Depths (5/5) D:15            Zot (0/5) Depths:5
  Sewer (visited)         Ossuary (visited)          Bailey (visited)
  IceCv (visited)         Volcano (visited)

Altars:
Ashenzari
Cheibriados
Dithmenos
Elyvilon
Fedhas
Gozag
Hepliaklqana
Kikubaaqudgha
Makhleb
Nemelex Xobeh
Okawaru
Qazlal
Ru
Sif Muna
Trog
Uskayaw
Vehumet
Wu Jian
Xom
Yredelemnul
Zin
The Shining One
Beogh

Shops:
D:7 ?   D:15 :[   Orc:2 [[([   Elf:1 :   Elf:2 [   Elf:3 *   Snake:1 [=?
Snake:3 *   Vaults:1 ?   Vaults:3 *   Depths:1 [*   Depths:3 =??:=!=*:(

Portals:
Hell: Depths:1 Depths:2 Depths:3 Depths:4 Depths:5
Abyss: Depths:3 Depths:4 Depths:5
Pandemonium: Depths:1 Depths:3 Depths:5
Trove: Vaults:2 (give +7 demon trident)

Annotations:
D:2 Sigmund
D:12 2 runed translucent doors
Lair:2 exclusion: catoblepas
Lair:3 exclusion: oklob plant
Orc:2 3 runed translucent doors, hatsuma's ghost, journeyman DECj


Innate Abilities, Weirdness & Mutations

You cannot wear most types of armour.
You are very stealthy in the water. (Stealth+)
You are amphibious.
You can wear up to eight rings at the same time.
You can use your tentacles to constrict eight enemies at once.
Your skin changes colour to match your surroundings (Stealth+).
((Your rubbery body absorbs attacks. (AC +1, EV +1)))
You have a beak for a mouth.
((You are partially covered in slimy green scales. (AC +2)))
((You are partially covered in yellow scales. (AC +2)))
You are frail. (-10% HP)
You occasionally shout uncontrollably at your foes.
Your muscles are strong. (Str +2)
You are occasionally teleported next to monsters.


Message History

The emperor scorpion disappears in a puff of smoke! x2
The fireball engulfs the golden dragon skeleton!!
The golden dragon skeleton is severely damaged.
The golden dragon skeleton is no longer distracted by gold.
You feel a bit more experienced.
The fireball engulfs the golden dragon skeleton!!
The golden dragon skeleton is almost destroyed.
You feel a bit more experienced.
The fireball engulfs the guardian mummy!
The guardian mummy is almost destroyed.
You feel extremely nervous for a moment...
You feel horribly lethargic.
You feel as though you will be slow longer.
You feel extremely nervous for a moment...
Pain shoots through your body!!
* * * LOW HITPOINT WARNING * * *
You feel extremely nervous for a moment...
Pain shoots through your body!
You die...
Your body crumbles into a pile of gold.

...............
.#.#.#...........#
▓▓.....................
▓.....#.#.#...........#
▓▓................$..$$.
▓..................Z$$.$
▓.............$$.$$$$$.$
▓.............$§8$§..§§M
▓..............$§$....$M
..∩............$.$...$§$
▓.................$..$.M
▓....................$.Z
▓.......................
▓.......................
▓▓......................
▓.....#.#.#..........


You could see 2 guardian mummies, a sphinx zombie and a golden dragon skeleton.

Vanquished Creatures
  Cerebov (Pan)
  the Royal Jelly (Slime:5)
  Gloorx Vloq (Pan)
  Lom Lobon (Pan)
  A seraph (Pan)
  Mnoleg (Pan)
  7 dread liches
  6 ancient liches
  9 juggernauts
  Mara (Shoals:3)
  6 royal mummies (Zig:21)
  A Killer Klown (Zig:4)
  Bai Suzhen (Vaults:5)
  3 shard shrikes (Zig:20)
  Saint Roka (Orc:2)
  2 caustic shrikes (Depths:4)
  9 golden dragons
  3 pandemonium lords
  2 profane servitors
  Jory (Vaults:4)
  Nikola (Shoals:4)
  3 bone dragons
  2 pearl dragons (Pan)
  A Brimstone Fiend (Pan)
  Rupert (D:15)
  7 tentacled monstrosities
  3 Tzitzimimeh
  10 Ice Fiends
  Jorgrun (D:15)
  9 liches
  3 deep elf blademasters
  2 deep elf master archers (Elf:3)
  8 titans
  3 quicksilver dragons
  21 acid blobs
  10 sphinxes
  20 Executioners
  12 tentacled starspawn
  Agnes (D:14)
  Kirke (Shoals:3)
  Gastronok (D:10)
  Polyphemus (Shoals:2)
  An eldritch tentacle (Pan)
  5 ancient champions (Zig:17)
  3 draconian monks (Zig:15)
  Donald (Shoals:3)
  5 shadow dragons
  10 tengu reavers
  3 revenants (Zig:17)
  21 daevas (Pan)
  16 nagarajas
  13 azure jellies
  Ilsuiw (Shoals:2)
  16 fire giants
  5 storm dragons
  A fenstrider witch (shapeshifter) (Depths:4)
  5 draconian knights
  10 deep elf sorcerers
  17 frost giants
  14 vault wardens
  4 iron dragons
  A ghost moth (Zig:6)
  8 orc warlords
  3 corrupters (Pan)
  An emperor scorpion (Zig:6)
  5 draconian scorchers
  23 cacodemons
  2 curse skulls (Pan)
  5 deep elf elementalists
  5 warmongers (Pan)
  14 balrugs
  2 ghouls (Zig:17)
  36 angels
  3 draconian shifters (Zig:15)
  3 reapers (Pan)
  3 draconian stormcallers (Zig:15)
  2 spriggan defenders
  6 draconian annihilators
  17 ophanim (Pan)
  10 ironheart preservers
  25 stone giants
  20 very ugly things
  30 apis (Pan)
  7 blood saints
  6 black suns
  2 war gargoyles (Vaults:5)
  6 vampire knights
  15 deep elf annihilators
  2 green draconians (Depths:5)
  Azrael (Snake:3)
  9 lorocyprocas
  8 deep elf demonologists
  A black draconian (Depths:5)
  3 purple draconians (Zig:15)
  3 red draconians
  5 yellow draconians
  7 spark wasps
  A white draconian (Depths:5)
  4 entropy weavers
  14 blizzard demons
  7 eidola
  3 merfolk javelineers
  10 ettins
  3 mummy priests (Zig:21)
  11 great orbs of eyes
  14 green deaths (Pan)
  5 merfolk impalers
  10 death oozes
  4 jiangshi
  22 yaktaur captains
  12 deep elf death magi
  13 deep elf high priests
  Erolcha (D:11)
  11 fire dragons
  24 ice dragons
  11 rakshasas
  A quicksilver dragon skeleton (Pan)
  14 boulder beetles
  8 hydras
  24 vault guards (Vaults:5)
  14 ogre magi
  7 monstrous demonspawn (Pan)
  A merfolk avatar (Shoals:3)
  Erica (D:8)
  A catoblepas (Shoals:2)
  5 spriggan air magi
  4 anacondas
  5 death knights
  3 merfolk aquamancers
  23 naga warriors
  47 two-headed ogres
  An alligator (shapeshifter) (Depths:4)
  An alligator snapping turtle (Shoals:4)
  16 centaur warriors
  4 satyrs
  A queen ant (Lair:5)
  4 tengu warriors
  9 deep troll shamans
  3 death scarabs (Zig:21)
  5 spriggan berserkers
  8 death yaks
  9 orc high priests
  2 hell hogs (Abyss:3)
  8 deep troll earth magi
  9 vampire magi
  13 naga sharpshooters
  17 shock serpents
  23 sun demons (Pan)
  25 soul eaters (Pan)
  4 hell knights (Abyss:3)
  14 thrashing horrors
  11 iron trolls
  3 fire crabs (shapeshifter)
  20 deep elf knights
  11 wretched stars
  2 skeletal warriors (Vaults:2)
  3 titan skeletons
  13 shadow wraiths
  3 salamander mystics
  13 sixfirhies
  6 sea snakes
  A death drake (shapeshifter) (Vaults:5)
  6 shadow demons
  19 cherubim (Pan)
  28 deep trolls
  3 spatial maelstroms
  3 unseen horrors (shapeshifter)
  7 unseen horrors
  9 glowing orange brains
  6 flayed ghosts
  A swamp dragon (shapeshifter) (D:13)
  3 gelid demonspawn (Pan)
  A glowing orange brain (shapeshifter) (Zig:19)
  8 torturous demonspawn
  4 infernal demonspawn
  17 deep elf archers
  A harpy (shapeshifter) (D:13)
  17 orc knights
  A shadow dragon zombie (Zig:19)
  7 wizards
  2 phantasmal warriors
  66 large abominations
  9 ironbrand convokers
  6 naga ritualists
  4 harpies
  30 deep elf pyromancers
  An anaconda skeleton (Pan)
  10 shining eyes
  8 mana vipers
  3 wolf spiders
  24 fauns
  A will-o-the-wisp (Zig:9)
  16 orc sorcerers
  34 deep elf zephyrmancers
  A shadow dragon skeleton (Abyss:3)
  5 worldbinders
  2 necromancers
  An oklob plant (Lair:3)
  15 cyclopes
  31 ugly things
  A faun (shapeshifter) (Zig:10)
  10 manticores
  2 fire giant skeletons
  A salamander (shapeshifter) (Depths:5)
  4 water nymphs
  13 salamanders
  12 elephants
  Maurice (D:8)
  5 apocalypse crabs
  Joseph (D:10)
  2 centaur zombies
  10 moths of wrath
  A titan simulacrum (Depths:3)
  30 naga magi
  6 eyes of devastation
  8 merfolk sirens
  4 rust devils
  9 vault sentinels
  Maggie (D:10)
  7 guardian serpents
  2 ice statues (IceCv)
  A molten gargoyle (Volcano)
  30 black mambas
  26 smoke demons
  16 cane toads
  A gargoyle (D:13)
  20 orange demons
  2 centaur skeletons
  4 hellions
  10 rime drakes
  2 efreet
  5 tormentors
  2 kobold demonologists
  11 freezing wraiths
  A hydra zombie (Abyss:3)
  6 komodo dragons
  5 guardian mummies (Zig:21)
  11 hellwings
  6 ice devils
  64 yaktaurs
  7 tengu conjurers
  12 ancient zymes
  6 demonic crawlers
  A queen bee (D:13)
  A queen bee (shapeshifter) (Depths:2)
  A polar bear (shapeshifter) (Vaults:3)
  A meliai (shapeshifter) (Vaults:4)
  23 wind drakes
  A silent spectre (Zig:19)
  27 merfolk
  13 trolls
  A shadow dragon simulacrum (Zig:20)
  A wind drake (shapeshifter) (D:11)
  15 red devils
  2 jumping spiders (shapeshifter)
  6 hornets
  8 polar bears
  A wolf spider simulacrum (D:15)
  10 meliai
  A raiju (shapeshifter) (Vaults:2)
  2 sphinx simulacra (Zig:20)
  14 blink frogs
  74 slime creatures
  2 blink frogs (shapeshifter)
  2 ettin zombies
  A hornet (shapeshifter) (Vaults:4)
  9 dream sheep
  A snapping turtle (shapeshifter) (Vaults:5)
  A fire giant simulacrum (Depths:2)
  23 raiju
  An ice dragon zombie (Abyss:3)
  8 snapping turtles
  A stone giant simulacrum (Vaults:2)
  A frost giant simulacrum (Depths:2)
  A meliai zombie (D:15)
  A fire dragon skeleton (Pan)
  15 spriggans
  A spriggan (shapeshifter) (Vaults:3)
  7 flying skulls
  4 shadows
  A redback (Zig:6)
  7 ushabtiu (Zig:21)
  11 water elementals
  A tarantella (Zig:6)
  An air elemental (Elf:3)
  2 ice dragon skeletons (Pan)
  37 yaks
  A human (shapeshifter) (D:14)
  5 wyverns
  2 hogs (Shoals:3)
  6 fire bats (Volcano)
  21 ynoxinuls
  8 wraiths
  5 fire elementals
  6 vampire mosquitoes
  13 golden eyes
  7 basilisks
  13 chaos spawn
  An elf skeleton (Depths:2)
  22 neqoxecs
  9 wargs
  A harpy simulacrum (Abyss:1)
  An elf simulacrum (Zig:20)
  6 acid dragons
  67 nagas
  A naga (shapeshifter) (Vaults:2)
  A human skeleton (Depths:3)
  26 water moccasins
  3 hell hounds (Snake:3)
  9 soldier ants
  Purgy (Sewer)
  9 black bears
  12 ice beasts
  68 orc warriors
  A merfolk skeleton (Pan)
  3 sky beasts
  32 wolves
  2 eyes of draining (shapeshifter)
  A swamp drake (D:8)
  3 necrophages
  38 ogres
  A boulder beetle simulacrum (Vaults:2)
  A centaur (shapeshifter) (Vaults:3)
  8 eyes of draining
  A tengu (shapeshifter) (D:12)
  13 boggarts
  36 centaurs
  4 phantoms
  2 big kobolds (D:11)
  17 bullfrogs
  2 wyvern zombies
  5 earth elementals
  A glowing shapeshifter simulacrum (Depths:3)
  A gnoll sergeant (Orc:1)
  A wyvern skeleton (D:7)
  5 scorpions
  21 killer bees
  A spriggan skeleton (Pan)
  5 wights (D:15)
  12 howler monkeys
  3 electric eels (Lair:4)
  6 lava snakes (Volcano)
  2 crimson imps (Depths:1)
  57 starcursed masses
  A bullfrog zombie (D:12)
  29 orc priests
  8 quasits
  A gnoll shaman (Zig:16)
  7 hounds
  7 jellies
  4 iron imps
  A bullfrog skeleton (D:9)
  40 orc wizards
  5 iguanas
  34 worker ants
  Natasha (D:2)
  35 small abominations
  5 big kobold zombies (Ossuary)
  A hound zombie (D:7)
  15 mummies
  A howler monkey zombie (D:10)
  4 gnolls (Orc:1)
  A howler monkey skeleton (D:7)
  27 adders
  2 shadow imps
  23 white imps
  13 ufetubi
  4 oozes (Lair:6)
  An adder zombie (D:9)
  2 worms
  7 leopard geckos
  136 orcs
  A spectral bat (Ossuary)
  11 bats
  6 giant cockroaches
  7 gnoll zombies (Ossuary)
  7 goblins
  5 hobgoblins
  6 jackals
  25 kobolds
  2 quokkas
  A ball python (D:2)
  A ball python skeleton (D:5)
  5 bat simulacra (Ossuary)
  6 frilled lizards
  2 goblin simulacra (Ossuary)
  6 hobgoblin zombies (Ossuary)
  2 kobold simulacra (Ossuary)
  4 kobold zombies (Ossuary)
  A leopard gecko zombie (D:5)
  8 orc zombies (Ossuary)
  8 rats
  6 rat simulacra (Ossuary)
  3 spectral goblins (Ossuary)
  3 spectral kobolds (Ossuary)
  6 spectral rats (Ossuary)
  A ball lightning (Pan)
  A bush (Depths:2)
  7 starspawn tentacles
  2 tentacles (Shoals:1)
3526 creatures vanquished.

Vanquished Creatures (collateral kills)
  A kraken (Shoals:1)
  6 white imps (Lair:1)
7 creatures vanquished.

Vanquished Creatures (others)
  A titan (Pan)
  2 eldritch tentacles (Pan)
  A draconian annihilator (Pan)
  A reaper (IceCv)
  A deep elf annihilator (Pan)
  2 merfolk javelineers (Shoals:4)
  A blizzard demon (Pan)
  2 rakshasas
  A hell beast (Pan)
  An anaconda (Snake:2)
  30 dancing weapons
  A deep elf knight (Elf:1)
  A deep elf zephyrmancer (Vaults:1)
  A merfolk siren (Shoals:2)
  A wind drake (Pan)
  A blink frog (Lair:6)
  A small abomination (Abyss:3)
  A wolf (Lair:6)
  An iron imp (Abyss:2)
  3 white imps (IceCv)
  An ufetubus (IceCv)
  11 ball lightnings (Pan)
  37 bushes (Depths:2)
  2 foxfires (Zig:9)
  45 fungi
  A lurking horror (Abyss:3)
  261 plants
  20 starspawn tentacles
  6 tentacles (Shoals:1)
438 creatures vanquished.

Grand Total: 3971 creatures vanquished

Notes
Turn   | Place    | Note
-------+----------+-------------------------------------------
     0 | D:1      | gimp the Octopode Earth Elementalist began the quest for
                  | the Orb.
     0 | D:1      | Reached XP level 1. HP: 11/11 MP: 3/3
    60 | D:1      | Reached XP level 2. HP: 8/18 MP: 0/5
   352 | D:1      | Reached skill level 1 in Fighting
   932 | D:1      | Reached XP level 3. HP: 23/23 MP: 3/6
   936 | D:1      | Learned a level 3 spell: Stone Arrow
  1711 | D:2      | Noticed Sigmund
  2047 | D:3      | Reached skill level 1 in Conjurations
  2047 | D:3      | Reached XP level 4. HP: 28/28 MP: 4/7
  2855 | D:2      | Reached XP level 5. HP: 25/34 MP: 4/8
  2953 | D:2      | Noticed Natasha
  2960 | D:2      | Killed Natasha
  3449 | D:3      | Reached XP level 6. HP: 29/41 MP: 4/9
  4016 | D:4      | Reached skill level 5 in Earth Magic
  4674 | D:5      | Entered Level 5 of the Dungeon
  4721 | D:5      | Reached XP level 7. HP: 45/45 MP: 7/11
  4886 | D:5      | Found a glowing drain.
  4906 | Sewer    | Entered a sewer
  4933 | Sewer    | Noticed Purgy
  4940 | Sewer    | Killed Purgy
  6151 | D:6      | Reached XP level 8. HP: 52/52 MP: 9/13
  6219 | D:6      | Found a sand-covered staircase.
  6237 | Ossuary  | Entered an ossuary
  6825 | Ossuary  | Reached skill level 5 in Conjurations
  7448 | D:6      | Got a polished mace
  7450 | D:6      | Identified the +7 mace "Amaxargh" {vorpal, rF- Dex+5
                  | Stlth+} (You found it on level 6 of the Dungeon)
  8009 | D:7      | Found a staircase to the Ecumenical Temple.
  8019 | Temple   | Entered the Ecumenical Temple
  8161 | Temple   | Became a worshipper of Gozag Ym Sagoz the Greedy
  8428 | D:7      | Reached XP level 9. HP: 56/56 MP: 2/16
  8673 | D:7      | Learned a level 4 spell: Petrify
  8679 | D:7      | Learned a level 5 spell: Lee's Rapid Deconstruction
  8683 | D:7      | Learned a level 3 spell: Static Discharge
  8809 | D:7      | Found Voudd's Magic Scroll Emporium.
  8817 | D:7      | Bought a scroll of blinking for 90 gold pieces
  8817 | D:7      | Bought a scroll of identify for 24 gold pieces
  8817 | D:7      | Bought a scroll of identify for 24 gold pieces
  8817 | D:7      | Bought a scroll of fog for 24 gold pieces
  8817 | D:7      | Bought a scroll of blinking for 90 gold pieces
  8817 | D:7      | Bought a scroll of enchant armour for 90 gold pieces
  8817 | D:7      | Bought a scroll of identify for 24 gold pieces
  8817 | D:7      | Bought a scroll of identify for 24 gold pieces
  8835 | D:7      | Reached skill level 5 in Spellcasting
  8976 | D:7      | Bought a scroll of magic mapping for 42 gold pieces
 10042 | D:8      | Noticed a two-headed ogre
 10063 | D:8      | Killed a two-headed ogre
 10521 | D:8      | Noticed Erica
 10542 | D:8      | Killed Erica
 10543 | D:8      | Reached skill level 5 in Transmutations
 10543 | D:8      | Reached XP level 10. HP: 52/63 MP: 1/19
 11077 | D:8      | Noticed Grum
 11093 | D:8      | Noticed Grum
 11093 | D:8      | Grum changed into Grum the swamp drake
 11108 | D:8      | Killed Grum the swamp drake
 11109 | D:8      | Reached skill level 10 in Earth Magic
 11347 | D:8      | Noticed Maurice
 11362 | D:8      | Killed Maurice
 11363 | D:8      | Reached skill level 5 in Dodging
 11530 | D:8      | Learned a level 2 spell: Blink
 12006 | D:9      | Found a staircase to the Orcish Mines.
 12137 | D:9      | Found a flagged portal.
 12289 | Bailey   | Entered a bailey
 12721 | Bailey   | Noticed an orc knight
 12872 | Bailey   | Killed an orc knight
 12873 | Bailey   | Reached XP level 11. HP: 67/67 MP: 4/22
 13296 | D:9      | Noticed a seven-headed hydra
 13979 | D:10     | Entered Level 10 of the Dungeon
 14035 | D:10     | Noticed Joseph
 14061 | D:10     | Killed Joseph
 14062 | D:10     | Reached skill level 1 in Short Blades
 14131 | D:10     | Noticed Maggie
 14313 | D:10     | Killed Maggie
 15117 | D:10     | Noticed Gastronok
 15173 | D:10     | Killed Gastronok
 15258 | D:10     | Noticed an unseen horror
 15467 | D:10     | Learned a level 3 spell: Mephitic Cloud
 15886 | D:10     | Killed an unseen horror
 16276 | D:11     | Noticed a four-headed hydra
 16312 | D:11     | Found a staircase to the Lair.
 16312 | D:11     | Noticed Erolcha
 16329 | D:11     | Killed Erolcha
 16795 | D:11     | Noticed a five-headed hydra
 16809 | D:11     | Killed a five-headed hydra
 16810 | D:11     | Reached XP level 12. HP: 72/72 MP: 22/25
 16979 | D:11     | Noticed a centaur warrior
 17348 | D:11     | Killed a four-headed hydra
 17485 | D:11     | Reached skill level 5 in Short Blades
 17849 | D:11     | Killed a centaur warrior
 18362 | D:11     | Got an ancient marble ring
 18364 | D:11     | Identified the ring of Ezets {Wiz rElec rC- Will+++ Str+2}
                  | (You found it on level 11 of the Dungeon)
 18878 | D:11     | Noticed a tengu warrior
 18887 | D:11     | Killed a tengu warrior
 19049 | D:12     | Noticed an eight-headed hydra
 19157 | D:9      | Found a stormy altar of Qazlal.
 19171 | D:9      | Killed a seven-headed hydra
 19931 | Lair:1   | Entered Level 1 of the Lair of Beasts
 19955 | Lair:1   | Reached skill level 10 in Spellcasting
 19968 | Lair:1   | Found a frozen archway.
 20172 | IceCv    | Entered an ice cave
 20307 | IceCv    | Killed a reaper
 20335 | IceCv    | Reached skill level 10 in Transmutations
 21928 | Lair:1   | Noticed a four-headed hydra
 22034 | Lair:1   | Reached skill level 5 in Stealth
 22379 | Lair:1   | Reached skill level 1 in Shields
 22379 | Lair:1   | Reached skill level 1 in Poison Magic
 22382 | Lair:1   | Reached XP level 13. HP: 62/77 MP: 9/27
 22389 | Lair:1   | Reached skill level 1 in Air Magic
 22546 | Lair:1   | Reached skill level 2 in Shields
 22792 | Lair:1   | Reached skill level 3 in Shields
 23365 | Lair:1   | Reached skill level 4 in Shields
 24550 | Lair:2   | You fall into a shaft and drop 2 floors!
 25833 | Lair:3   | Found a staircase to the Snake Pit.
 27036 | Lair:3   | Learned a level 1 spell: Apportation
 27397 | Lair:4   | Found a staircase to the Shoals.
 27928 | Lair:4   | Reached skill level 1 in Translocations
 28338 | Lair:5   | Learned a level 2 spell: Passwall
 28362 | Lair:5   | Found a dark tunnel.
 28461 | Volcano  | Entered a volcano
 28824 | Volcano  | Found a radiant altar of Vehumet.
 28829 | Volcano  | Noticed a red draconian
 28834 | Volcano  | Reached XP level 14. HP: 52/83 MP: 11/28
 28837 | Volcano  | Killed a red draconian
 29146 | Lair:5   | Reached skill level 10 in Stealth
 30463 | Lair:5   | Noticed an entropy weaver
 30473 | Lair:5   | Killed an entropy weaver
 30852 | Lair:5   | Noticed an entropy weaver
 30860 | Lair:5   | Killed an entropy weaver
 31161 | Lair:6   | Entered Level 6 of the Lair of Beasts
 31640 | Lair:6   | Found a staircase to the Slime Pits.
 33064 | Lair:6   | Reached XP level 15. HP: 62/88 MP: 11/29
 33512 | Lair:6   | Reached skill level 10 in Short Blades
 34084 | Orc:1    | Entered Level 1 of the Orcish Mines
 34137 | Orc:1    | Found a roughly hewn altar of Beogh.
 34236 | Orc:1    | Found a roughly hewn altar of Beogh.
 34618 | Orc:2    | Entered Level 2 of the Orcish Mines
 34801 | Orc:2    | Reached skill level 10 in Conjurations
 34887 | Orc:2    | Found a roughly hewn altar of Beogh.
 34897 | Orc:2    | Noticed an orc warlord
 34911 | Orc:2    | Killed an orc warlord
 35320 | Orc:2    | Found a roughly hewn altar of Beogh.
 35423 | Orc:2    | Found a staircase to the Elven Halls.
 35630 | Orc:2    | Reached skill level 10 in Dodging
 35857 | Orc:2    | Noticed Saint Roka
 36122 | Orc:2    | Killed Saint Roka
 36128 | Orc:2    | Found a roughly hewn altar of Beogh.
 36142 | Orc:2    | Found Laso's Antique Armour Shop.
 36322 | Orc:2    | Found Suxteoc's Antique Armour Shoppe.
 36323 | Orc:2    | Found a roughly hewn altar of Beogh.
 36328 | Orc:2    | Found Zuefawemn's Antique Weapon Emporium.
 36387 | Orc:2    | Bought a runed dagger for 120 gold pieces
 36387 | Orc:2    | Bought a glowing dagger for 120 gold pieces
 36420 | Orc:2    | Found a runed translucent gate.
 36420 | Orc:2    | Found a runed translucent gate.
 36421 | Orc:2    | Found a runed translucent gate.
 36424 | Orc:2    | Noticed an orc warlord
 36427 | Orc:2    | Found an iron altar of Okawaru.
 36427 | Orc:2    | Noticed hatsuma's ghost (journeyman DECj)
 36640 | Orc:2    | Found a roughly hewn altar of Beogh.
 36661 | Orc:2    | Found Zihoif's Antique Armour Shoppe.
 36844 | Orc:1    | Noticed an orc warlord
 36865 | Orc:1    | Killed an orc warlord
 37144 | Orc:1    | Reached skill level 5 in Fighting
 37944 | D:12     | Got a flickering emerald amulet
 37955 | D:12     | Identified the amulet "Xyocood" {Reflect rC+ Dex+5 SH+5}
                  | (You found it on level 12 of the Dungeon)
 37988 | D:12     | Found a runed translucent door.
 37989 | D:12     | Got a coiled platinum ring
 37990 | D:12     | Found a runed translucent door.
 37994 | D:12     | Got a scorched tin ring
 38071 | D:12     | Identified the ring "Reose" {rC++ rN+} (You found it on
                  | level 12 of the Dungeon)
 38078 | D:12     | Identified the ring of the Queen {rF+ Str+3 Int+5} (You
                  | found it on level 12 of the Dungeon)
 38101 | D:12     | Got a sparkling iron amulet
 38102 | D:12     | Identified the amulet of Duohig {*Contam rPois Regen+
                  | Int+5} (You found it on level 12 of the Dungeon)
 38806 | D:12     | Found a white marble altar of Elyvilon.
 39329 | D:13     | Found a gate to the Vaults.
 39920 | D:13     | Reached XP level 16. HP: 98/98 MP: 23/31
 42096 | D:14     | Noticed Agnes
 42105 | D:14     | Killed Agnes
 42921 | D:15     | Entered Level 15 of the Dungeon
 42921 | D:15     | Noticed Rupert
 43232 | D:15     | Noticed Jorgrun
 43245 | D:15     | Killed Jorgrun
 43435 | D:15     | Reached skill level 5 in Shields
 43634 | D:15     | Killed Rupert
 44350 | D:15     | Reached skill level 6 in Shields
 44545 | D:15     | Found a staircase to the Depths.
 44843 | D:15     | Found Hyss's Antique Armour Emporium.
 45208 | D:15     | Bought a book of the Earth for 1235 gold pieces
 45208 | D:15     | Bought a book of Transfigurations for 1045 gold pieces
 45208 | D:15     | Bought a manual of Shields for 2097 gold pieces
 45215 | D:15     | Learned a level 5 spell: Bolt of Magma
 45221 | D:15     | Learned a level 5 spell: Irradiate
 45228 | D:15     | Learned a level 6 spell: Statue Form
 45389 | Snake:1  | Entered Level 1 of the Snake Pit
 45408 | Lair:3   | Reached skill level 7 in Shields
 45602 | Snake:1  | Reached skill level 8 in Shields
 45866 | Snake:1  | Reached XP level 17. HP: 104/107 MP: 0/34
 46344 | Snake:1  | Reached skill level 9 in Shields
 46655 | Snake:1  | Found Vein's Magic Scroll Emporium.
 46659 | Snake:1  | Found Keatziom's Jewellery Shoppe.
 46660 | Snake:1  | Found Imiown's Antique Armour Emporium.
 46688 | Snake:1  | Bought a scroll of teleportation for 45 gold pieces
 46688 | Snake:1  | Bought a scroll of teleportation for 45 gold pieces
 46688 | Snake:1  | Bought 3 scrolls of blinking for 337 gold pieces
 46688 | Snake:1  | Bought a scroll of identify for 30 gold pieces
 46693 | Snake:1  | Bought a shiny kite shield for 255 gold pieces
 47278 | Snake:2  | Reached skill level 10 in Shields
 47396 | Snake:2  | Reached skill level 1 in Fire Magic
 47479 | Snake:2  | Identified a scroll of acquirement
 47480 | Snake:2  | Acquired 686 gold pieces
 48186 | Snake:3  | Reached skill level 11 in Shields
 48462 | Snake:3  | Noticed Azrael
 48470 | Snake:3  | Killed Azrael
 48666 | Snake:3  | Found Dearoic's General Store.
 48674 | Snake:3  | Bought a scroll of blinking for 82 gold pieces
 48674 | Snake:3  | Bought a potion of curing for 33 gold pieces
 48674 | Snake:3  | Bought a scroll of identify for 22 gold pieces
 49475 | Snake:4  | Entered Level 4 of the Snake Pit
 50057 | Snake:4  | Reached skill level 12 in Shields
 50262 | Snake:4  | Reached skill level 5 in Fire Magic
 51326 | Snake:4  | Reached XP level 18. HP: 117/117 MP: 7/36
 51579 | Snake:4  | Reached skill level 13 in Shields
 52028 | Snake:4  | Got a serpentine rune of Zot
 52194 | Shoals:1 | Entered Level 1 of the Shoals
 52433 | Shoals:1 | Identified the +7 war axe of Tuoska Pifo {drain, *Noise rN+
                  | Int+2 Dex+4} (You found it on level 1 of the Shoals)
 53344 | Shoals:2 | Noticed Ilsuiw
 53355 | Shoals:2 | Killed Ilsuiw
 53361 | Shoals:2 | Reached skill level 14 in Shields
 53548 | Shoals:2 | Noticed Polyphemus
 53565 | Shoals:2 | Killed Polyphemus
 54201 | D:15     | Bought Qischihu's Guide on the Blaze for 1425 gold pieces
 54208 | D:15     | Learned a level 6 spell: Starburst
 54988 | Shoals:3 | Noticed Kirke
 55000 | Shoals:3 | Killed Kirke
 55130 | Shoals:3 | Noticed Mara
 55136 | Shoals:3 | Noticed gimp's illusion
 55141 | Shoals:3 | Killed Mara
 55239 | Shoals:3 | Reached skill level 15 in Spellcasting
 55592 | Shoals:3 | Noticed Donald
 55600 | Shoals:3 | Killed Donald
 55601 | Shoals:3 | Reached skill level 15 in Shields
 55601 | Shoals:3 | Reached XP level 19. HP: 124/124 MP: 26/38
 56066 | Shoals:4 | Entered Level 4 of the Shoals
 56121 | Shoals:4 | Noticed Nikola
 56129 | Shoals:4 | Reached skill level 10 in Fire Magic
 56131 | Shoals:4 | Killed Nikola
 56576 | Shoals:4 | Identified the +8 arbalest of the Crawling Thing {elec,
                  | Int+7}
 56960 | Shoals:4 | Got a barnacled rune of Zot
 57125 | Shoals:4 | Identified the ring "Seff" {rF- Str+6 Int+3 Slay+4}
 57815 | Vaults:1 | Entered Level 1 of the Vaults
 58362 | Vaults:1 | Reached skill level 10 in Fighting
 58993 | Vaults:1 | Found Naukyest's Magic Scroll Emporium.
 58998 | Vaults:1 | Bought a scroll of magic mapping for 63 gold pieces
 58998 | Vaults:1 | Bought a scroll of teleportation for 54 gold pieces
 58998 | Vaults:1 | Bought a scroll of enchant weapon for 135 gold pieces
 60109 | Vaults:2 | Reached XP level 20. HP: 134/134 MP: 25/39
 60452 | Vaults:2 | Found a portal to a secret trove of treasure.
 60683 | Vaults:2 | Reached skill level 1 in Unarmed Combat
 60996 | Vaults:2 | Found a staircase to the Crypt.
 61481 | Vaults:3 | Found Ecooso's General Store.
 61489 | Vaults:3 | Bought 3 scrolls of teleportation for 180 gold pieces
 61489 | Vaults:3 | Bought a scroll of blinking for 150 gold pieces
 61489 | Vaults:3 | Bought 3 scrolls of remove curse for 180 gold pieces
 61489 | Vaults:3 | Bought a scroll of fear for 70 gold pieces
 62030 | Vaults:3 | Reached skill level 15 in Fire Magic
 62830 | Vaults:4 | Reached skill level 5 in Unarmed Combat
 63341 | Vaults:4 | Noticed Jory
 63351 | Vaults:4 | Killed Jory
 63720 | Vaults:4 | Reached XP level 21. HP: 140/140 MP: 20/40
 64827 | Vaults:4 | Learned a level 8 spell: Ignition
 64988 | Vaults:5 | Entered Level 5 of the Vaults
 64992 | Vaults:5 | Noticed an ancient lich
 64993 | Vaults:5 | Noticed an ancient lich
 65138 | Vaults:5 | Noticed a dread lich
 65436 | D:7      | Bought a scroll of immolation for 42 gold pieces
 65686 | Slime:1  | Entered Level 1 of the Pits of Slime
 65855 | Slime:1  | Gained mutation: You are weak. (Str -2) [a shining eye]
 65857 | Slime:1  | Gained mutation: You tend to lose your temper in combat. [a
                  | shining eye]
 65877 | Lair:6   | Lost mutation: You tend to lose your temper in combat.
                  | [potion of mutation]
 65877 | Lair:6   | Lost mutation: You are weak. (Str -2) [potion of mutation]
 65877 | Lair:6   | Gained mutation: You are robust. (+10% HP) [potion of
                  | mutation]
 65877 | Lair:6   | Gained mutation: You tend to lose your temper in combat.
                  | [potion of mutation]
 65877 | Lair:6   | Gained mutation: You have a pair of small antennae on your
                  | head. [potion of mutation]
 65906 | Slime:1  | Upgraded the game from 0.27-a0-242-ge0fc76b88b to
                  | 0.27-a0-249-g74f53ef629
 67265 | Slime:4  | Gained mutation: You often lose your temper in combat. [a
                  | shining eye]
 67392 | Slime:4  | Reached skill level 10 in Unarmed Combat
 68467 | Slime:5  | Entered Level 5 of the Pits of Slime
 68567 | Slime:5  | Reached XP level 22. HP: 159/160 MP: 35/41
 68606 | Slime:5  | Noticed the Royal Jelly
 68612 | Slime:5  | Killed the Royal Jelly
 69101 | Slime:5  | Got a slimy rune of Zot
 69142 | Slime:5  | Got a clouded wooden ring
 69144 | Slime:5  | Identified the ring "Pese" {Wiz +Blink} (You found it on
                  | level 5 of the Pits of Slime)
 69211 | Slime:5  | Acquired 833 gold pieces
 69622 | Snake:1  | Bought 2 scrolls of enchant weapon for 225 gold pieces
 69891 | Vaults:5 | Noticed a golden dragon
 69893 | Vaults:5 | Killed a dread lich
 69895 | Vaults:5 | Killed an ancient lich
 69899 | Vaults:4 | Killed an ancient lich
 70030 | Vaults:5 | Noticed Bai Suzhen
 70033 | Vaults:4 | Killed a golden dragon
 70132 | Vaults:5 | Killed Bai Suzhen
 70269 | Vaults:5 | Reached XP level 23. HP: 172/172 MP: 24/42
 70453 | Vaults:5 | Identified the +9 flail of Instinct {flame, *Noise rC+++
                  | Str+4 Dex-4}
 70453 | Vaults:5 | Identified the ring of Liontics {Str+5 Stlth+}
 71266 | Vaults:5 | Got a silver rune of Zot
 71700 | Vaults:5 | Reached skill level 15 in Unarmed Combat
 72045 | Depths:1 | Entered Level 1 of the Depths
 72045 | Depths:1 | Found Orobbew's Antique Armour Shop.
 72057 | Depths:1 | Found a gateway to a ziggurat.
 72276 | Depths:1 | Found a one-way gate leading to the halls of Pandemonium.
 72515 | Depths:1 | Lost mutation: You often lose your temper in combat.
                  | [potion of mutation]
 72515 | Depths:1 | Lost mutation: You tend to lose your temper in combat.
                  | [potion of mutation]
 72515 | Depths:1 | Gained mutation: Your magical capacity is low. (-10% MP)
                  | [potion of mutation]
 72515 | Depths:1 | Gained mutation: Your muscles are strong. (Str +2) [potion
                  | of mutation]
 72650 | Depths:1 | Learned a level 5 spell: Borgnjor's Vile Clutch
 72658 | Depths:1 | Learned a level 6 spell: Iron Shot
 72693 | Depths:1 | Found Cunum's Blood Bar.
 73097 | Depths:1 | Found a gateway to Hell.
 73673 | Depths:2 | Reached XP level 24. HP: 141/184 MP: 4/38
 73948 | Depths:2 | Reached skill level 15 in Fighting
 75298 | Depths:3 | Found Poschyema's Weapon Boutique.
 75958 | Depths:3 | Found a one-way gate to the infinite horrors of the Abyss.
 75988 | Depths:3 | Found the +8 Wrath of Trog {antimagic, *Rage}
 77340 | Depths:4 | You fall into a shaft and drop 1 floor!
 77340 | Depths:5 | Entered Level 5 of the Depths
 77340 | Depths:5 | Found a gate to the Realm of Zot.
 77344 | Depths:5 | Reached XP level 25. HP: 175/191 MP: 26/39
 77350 | Depths:5 | Noticed a juggernaut
 77362 | Depths:5 | Killed a juggernaut
 77377 | Depths:5 | Noticed a juggernaut
 77505 | Depths:5 | Killed a juggernaut
 77774 | Depths:5 | Noticed a dread lich
 77783 | Depths:5 | Killed a dread lich
 78786 | Depths:4 | Reached skill level 15 in Earth Magic
 79052 | Depths:4 | Reached XP level 26. HP: 198/198 MP: 40/40
 79061 | Depths:4 | Noticed a juggernaut
 79078 | Depths:4 | Reached skill level 15 in Dodging
 79080 | Depths:4 | Killed a juggernaut
 79081 | Depths:4 | Reached skill level 1 in Evocations
 80262 | Elf:1    | Entered Level 1 of the Elven Halls
 80418 | Elf:1    | Found Owysen's Book Boutique.
 80477 | Elf:1    | Found a radiant altar of Vehumet.
 80990 | Elf:1    | Reached skill level 5 in Evocations
 81073 | Elf:1    | Identified the Almanac of Creative Conjuration
 81424 | Elf:2    | Found Cebudoto's Antique Armour Shoppe.
 81553 | Elf:2    | Found a huge runed translucent gate.
 81553 | Elf:2    | Found a huge runed translucent gate.
 81577 | Elf:2    | Found a huge runed translucent gate.
 81786 | Elf:2    | Found a huge runed translucent gate.
 81786 | Elf:2    | Found a huge runed translucent gate.
 82198 | Elf:3    | Entered Level 3 of the Elven Halls
 82312 | Elf:3    | Acquired 686 gold pieces
 82314 | Elf:3    | Found Gierefus's Assorted Antiques.
 82321 | Elf:3    | Bought 2 scrolls of identify for 112 gold pieces
 82321 | Elf:3    | Bought a dented steel amulet for 140 gold pieces
 82321 | Elf:3    | Bought a scroll of teleportation for 84 gold pieces
 82321 | Elf:3    | Bought a scroll of teleportation for 84 gold pieces
 82780 | Elf:3    | Reached XP level 27. HP: 204/204 MP: 26/41
 82913 | Elf:3    | Found the brooch of Shielding {Spirit SH+8}
 82913 | Elf:3    | Found the +7 mace of Variability {chain chaos}
 82916 | Elf:3    | Identified the Almanac of Insomnia
 82955 | Elf:3    | Identified the +9 mace "Diwn" {drain, rPois rN+} (You found
                  | it on level 3 of the Elven Halls)
 82966 | Elf:3    | Found the +8 demon blade "Leech" {vamp, *Rage +Rage rN+}
 82978 | Elf:3    | Identified Heps's Collected Works on the Oath
 82982 | Elf:3    | Identified the Almanac of Flight and the Snowflakes
 82987 | Elf:3    | Identified the ring "Teoruab" {rC+ rCorr Slay+3 SInv} (You
                  | found it on level 3 of the Elven Halls)
 83006 | Elf:3    | Identified the Incunabulum of Enchantment and the Glacier
 83266 | Elf:3    | Learned a level 9 spell: Shatter
 83719 | Depths:3 | Bought a manual of Shields for 1435 gold pieces
 83721 | Depths:3 | Bought a potion of curing for 69 gold pieces
 83721 | Depths:3 | Bought a potion of ambrosia for 184 gold pieces
 83721 | Depths:3 | Bought a potion of curing for 69 gold pieces
 83721 | Depths:3 | Bought 2 potions of brilliance for 184 gold pieces
 83723 | Depths:3 | Bought a scroll of fear for 73 gold pieces
 83723 | Depths:3 | Bought a scroll of fog for 42 gold pieces
 83723 | Depths:3 | Bought a scroll of teleportation for 63 gold pieces
 83725 | Depths:3 | Bought a scroll of fog for 40 gold pieces
 83725 | Depths:3 | Bought a scroll of acquirement for 1040 gold pieces
 83725 | Depths:3 | Bought a scroll of magic mapping for 70 gold pieces
 83725 | Depths:3 | Acquired 913 gold pieces
 83731 | Depths:3 | Bought a scroll of teleportation for 63 gold pieces
 83731 | Depths:3 | Bought a scroll of blinking for 157 gold pieces
 83736 | Depths:3 | Bought the ring of Shadows {Umbra +Inv Stlth+} for 520 gold
                  | pieces
 83736 | Depths:3 | Found the ring of Shadows {Umbra +Inv Stlth+}
 83749 | Depths:3 | Voluntarily entered the Abyss.
 84240 | Abyss:1  | Found a corrupted altar of Lugonu.
 84316 | Abyss:2  | Found a corrupted altar of Lugonu.
 85179 | Abyss:3  | Gained mutation: You tend to lose your temper in combat. [a
                  | shining eye]
 85181 | Abyss:3  | gross
 85436 | Abyss:3  | Reached skill level 10 in Evocations
 85595 | Abyss:3  | Got an abyssal rune of Zot
 86187 | Depths:3 | Escaped the Abyss
 86198 | Depths:3 | Bought the ring of the Commoners {+Inv rF+ AC+4 Int+3} for
                  | 1455 gold pieces
 86262 | Pan      | Entered Pandemonium
 86674 | Pan      | Found a glowing silver altar of Zin.
 87275 | Pan      | Identified the +5 tower shield of Divine Intervention
                  | {SInv}
 87761 | Pan      | Found a white marble altar of Elyvilon.
 89188 | Pan      | Noticed a seraph
 89196 | Pan      | Killed a seraph
 89197 | Pan      | Identified the cursed +0 glaive "Jieretane" {vorpal, +Blink
                  | rN+ Will+}
 89238 | Pan      | Found a glowing golden altar of the Shining One.
 89326 | Pan      | Got a demonic rune of Zot
 89579 | Pan      | Noticed Gobi the pandemonium lord
 89580 | Pan      | Gained mutation: Your body sometimes deteriorates upon
                  | taking damage. [a cacodemon]
 89580 | Pan      | Gained mutation: You are occasionally teleported next to
                  | monsters. [a cacodemon]
 89581 | Pan      | you fucking bitch
 89589 | Pan      | Killed Gobi the pandemonium lord
 89642 | Pan      | Lost mutation: Your muscles are strong. (Str +2) [potion of
                  | mutation]
 89642 | Pan      | Lost mutation: Your body sometimes deteriorates upon taking
                  | damage. [potion of mutation]
 89642 | Pan      | Lost mutation: You are robust. (+10% HP) [potion of
                  | mutation]
 89642 | Pan      | Gained mutation: You are dopey. (Int -2) [potion of
                  | mutation]
 89642 | Pan      | Gained mutation: You expend magic power (3 MP) to
                  | strengthen your wands. [potion of mutation]
 89643 | Pan      | Lost mutation: You are occasionally teleported next to
                  | monsters. [potion of mutation]
 89643 | Pan      | Lost mutation: Your magical capacity is low. (-10% MP)
                  | [potion of mutation]
 89643 | Pan      | Lost mutation: You tend to lose your temper in combat.
                  | [potion of mutation]
 89643 | Pan      | Gained mutation: You are partially covered in large bone
                  | plates. (SH +4) [potion of mutation]
 89643 | Pan      | Gained mutation: Scrolls take you a little longer to read.
                  | [potion of mutation]
 89643 | Pan      | Gained mutation: Your muscles are strong. (Str +2) [potion
                  | of mutation]
 89661 | Pan      | Entered the realm of Cerebov.
 89686 | Pan      | Reached skill level 15 in Evocations
 89713 | Pan      | Identified the Volume of Vitriolic Dark Arts
 89887 | Pan      | Identified the Guide on Conjuration and the Arsonist
 89896 | Pan      | Identified the ring of the Eleven Places {rF+ rN+ Str+3}
                  | (You found it in Pandemonium)
 89911 | Pan      | Found the +6 sword of Cerebov {flame}
 89911 | Pan      | Noticed Cerebov
 89930 | Pan      | Killed Cerebov
 89931 | Pan      | Reached skill level 16 in Shields
 89955 | Pan      | Identified the ring of Unotanis {MP+9 Int+2 Dex+4} (You
                  | found it in Pandemonium)
 89962 | Pan      | Identified the amulet "Dudao" {Spirit rElec Will+ Str+4}
                  | (You found it in Pandemonium)
 89989 | Pan      | Identified the ring of Oceoqisk {+Fly rF- Str+7 Dex+7} (You
                  | found it in Pandemonium)
 89992 | Pan      | Got a fiery rune of Zot
 90243 | Pan      | Reached skill level 17 in Shields
 90537 | Pan      | Entered the realm of Gloorx Vloq.
 90658 | Pan      | Learned a level 7 spell: Dragon Form
 90748 | Pan      | Learned a level 6 spell: Hydra Form
 91286 | Pan      | Noticed Gloorx Vloq
 91300 | Pan      | Killed Gloorx Vloq
 91301 | Pan      | Reached skill level 18 in Shields
 91441 | Pan      | Got a dark rune of Zot
 91672 | Pan      | Reached skill level 19 in Shields
 91759 | Pan      | Found an exit through the horrors of the Abyss.
 92349 | Pan      | Entered the realm of Mnoleg.
 92417 | Pan      | Found an exit through the horrors of the Abyss.
 92701 | Pan      | Noticed Mnoleg
 92712 | Pan      | Lost mutation: Your muscles are strong. (Str +2) [a
                  | neqoxec]
 92721 | Pan      | Gained mutation: You tend to lose your temper in combat. [a
                  | shining eye]
 92723 | Pan      | Gained mutation: Your body sometimes deteriorates upon
                  | taking damage. [a cacodemon]
 92723 | Pan      | Gained mutation: You are occasionally teleported next to
                  | monsters. [mutagenic glow]
 92839 | Pan      | Identified the Almanac of the Earthen Escort
 92846 | Pan      | Gained mutation: Your spells are a little easier to cast,
                  | but a little less powerful. [a neqoxec]
 92850 | Pan      | Gained mutation: You are clumsy. (Dex -2) [a cacodemon]
 92864 | Pan      | Gained mutation: Your spells are easier to cast, but less
                  | powerful. [a cacodemon]
 93133 | Pan      | Gained mutation: You are very clumsy. (Dex -4) [a shining
                  | eye]
 93181 | Pan      | Got a glowing rune of Zot
 93210 | Pan      | Lost mutation: Your spells are easier to cast, but less
                  | powerful. [potion of mutation]
 93210 | Pan      | Lost mutation: You expend magic power (3 MP) to strengthen
                  | your wands. [potion of mutation]
 93210 | Pan      | Lost mutation: Your spells are a little easier to cast, but
                  | a little less powerful. [potion of mutation]
 93210 | Pan      | Lost mutation: You are very clumsy. (Dex -4) [potion of
                  | mutation]
 93210 | Pan      | Gained mutation: Your system is resistant to poisons.
                  | (rPois) [potion of mutation]
 93210 | Pan      | Gained mutation: You are robust. (+10% HP) [potion of
                  | mutation]
 93211 | Pan      | Lost mutation: You tend to lose your temper in combat.
                  | [potion of mutation]
 93211 | Pan      | Lost mutation: You are clumsy. (Dex -2) [potion of
                  | mutation]
 93211 | Pan      | Gained mutation: You are partially covered in molten
                  | scales. (AC +2) [potion of mutation]
 93212 | Pan      | Lost mutation: You are dopey. (Int -2) [potion of mutation]
 93212 | Pan      | Lost mutation: You are robust. (+10% HP) [potion of
                  | mutation]
 93212 | Pan      | Lost mutation: Your system is resistant to poisons. (rPois)
                  | [potion of mutation]
 93212 | Pan      | Lost mutation: Your body sometimes deteriorates upon taking
                  | damage. [potion of mutation]
 93212 | Pan      | Gained mutation: You passively map a small area around you.
                  | [potion of mutation]
 93212 | Pan      | Gained mutation: You expend magic power (3 MP) to
                  | strengthen your wands. [potion of mutation]
 93212 | Pan      | Gained mutation: Your muscles are strong. (Str +2) [potion
                  | of mutation]
 93249 | Pan      | Gained mutation: You are sometimes teleported next to
                  | monsters. [a neqoxec]
 93455 | Pan      | Found an exit through the horrors of the Abyss.
 93664 | Pan      | Noticed Mnoleg
 93693 | Pan      | Killed Mnoleg
 93694 | Pan      | Reached skill level 20 in Shields
 94012 | Pan      | Gained mutation: You have a pair of antennae on your head.
                  | [a cacodemon]
 94081 | Pan      | Noticed Muucujish the pandemonium lord
 94086 | Pan      | Gained mutation: Scrolls take you longer to read. [a
                  | cacodemon]
 94403 | Pan      | Found a transporter.
 94528 | Pan      | Entered the realm of Lom Lobon.
 94563 | Pan      | Noticed Lom Lobon
 94786 | Pan      | Reached skill level 21 in Shields
 94824 | Pan      | Killed Lom Lobon
 94862 | Pan      | Got a magical rune of Zot
 95594 | Depths:3 | Escaped Pandemonium
 95645 | Zig:1    | Entered Level 1 of a ziggurat
 95677 | Zig:2    | Entered Level 2 of a ziggurat
 95677 | Zig:2    | Noticed a dread lich
 95682 | Zig:2    | Killed a dread lich
 95699 | Zig:3    | Entered Level 3 of a ziggurat
 95738 | Zig:4    | Entered Level 4 of a ziggurat
 95851 | Zig:5    | Entered Level 5 of a ziggurat
 95895 | Zig:6    | Entered Level 6 of a ziggurat
 95952 | Zig:6    | Lost mutation: Scrolls take you longer to read. [potion of
                  | mutation]
 95952 | Zig:6    | Lost mutation: Your muscles are strong. (Str +2) [potion of
                  | mutation]
 95952 | Zig:6    | Lost mutation: You are sometimes teleported next to
                  | monsters. [potion of mutation]
 95952 | Zig:6    | Gained mutation: You are sometimes teleported next to
                  | monsters. [potion of mutation]
 95952 | Zig:6    | Gained mutation: You are partially covered in iridescent
                  | scales. (AC +2) [potion of mutation]
 95955 | Zig:7    | Entered Level 7 of a ziggurat
 95960 | Zig:7    | Noticed Dilousk the pandemonium lord
 95975 | Zig:7    | Killed Dilousk the pandemonium lord
 96090 | Zig:8    | Entered Level 8 of a ziggurat
 96093 | Zig:8    | Noticed Ejiochab the pandemonium lord
 96136 | Zig:8    | Killed Ejiochab the pandemonium lord
 96294 | Zig:8    | Identified the Handbook of Supportive Poisoning
 96304 | Zig:9    | Entered Level 9 of a ziggurat
 96407 | Zig:10   | Entered Level 10 of a ziggurat
 96415 | Zig:10   | Found the +5 sword of Power {vorpal}
 96450 | Zig:10   | Identified Ydacoe's Tome of the Enchanting Mountains
 96470 | Zig:10   | Identified the ring of the Evening {*Slow rN+++ Str-4 SInv
                  | Stlth-} (You found it on level 10 of a ziggurat)
 96474 | Zig:11   | Entered Level 11 of a ziggurat
 96486 | Zig:11   | Reached skill level 22 in Shields
 96573 | Zig:12   | Entered Level 12 of a ziggurat
 96712 | Zig:13   | Entered Level 13 of a ziggurat
 96729 | Zig:13   | Found the macabre finger necklace {rN+}
 96835 | Zig:14   | Entered Level 14 of a ziggurat
 96845 | Zig:14   | Noticed an ancient lich
 96846 | Zig:14   | Noticed a dread lich
 96846 | Zig:14   | Noticed a dread lich
 96848 | Zig:14   | Noticed an ancient lich
 96849 | Zig:14   | Noticed a dread lich
 96851 | Zig:14   | Reached skill level 15 in Transmutations
 96852 | Zig:14   | Killed an ancient lich
 96852 | Zig:14   | Killed a dread lich
 96852 | Zig:14   | Killed an ancient lich
 96853 | Zig:14   | Killed a dread lich
 96856 | Zig:14   | Killed a dread lich
 96967 | Zig:15   | Entered Level 15 of a ziggurat
 97102 | Zig:15   | Identified the Grimoire of Aerial Glamour
 97108 | Zig:15   | Identified the Guide on Fetching Companions
 97110 | Zig:15   | Reached skill level 23 in Shields
 97118 | Zig:15   | Lost mutation: You are partially covered in molten scales.
                  | (AC +2) [potion of mutation]
 97118 | Zig:15   | Lost mutation: You passively map a small area around you.
                  | [potion of mutation]
 97118 | Zig:15   | Lost mutation: Scrolls take you a little longer to read.
                  | [potion of mutation]
 97118 | Zig:15   | Gained mutation: Your spells are a little easier to cast,
                  | but a little less powerful. [potion of mutation]
 97118 | Zig:15   | Gained mutation: Your flesh is heat resistant. (rF+)
                  | [potion of mutation]
 97118 | Zig:15   | Gained mutation: One of your tentacles bears a spike.
                  | [potion of mutation]
 97119 | Zig:15   | Lost mutation: Your flesh is heat resistant. (rF+) [potion
                  | of mutation]
 97119 | Zig:15   | Lost mutation: Your spells are a little easier to cast, but
                  | a little less powerful. [potion of mutation]
 97119 | Zig:15   | Gained mutation: You are resistant to electric shocks.
                  | (rElec) [potion of mutation]
 97119 | Zig:15   | Gained mutation: You can translocate small distances at
                  | will. [potion of mutation]
 97119 | Zig:15   | Gained mutation: You have a pair of large antennae on your
                  | head. (SInv) [potion of mutation]
 97148 | Zig:15   | Lost mutation: You expend magic power (3 MP) to strengthen
                  | your wands. [potion of mutation]
 97148 | Zig:15   | Lost mutation: You have a pair of large antennae on your
                  | head. (SInv) [potion of mutation]
 97148 | Zig:15   | Lost mutation: One of your tentacles bears a spike. [potion
                  | of mutation]
 97148 | Zig:15   | Lost mutation: You have a pair of antennae on your head.
                  | [potion of mutation]
 97148 | Zig:15   | Gained mutation: One of your tentacles bears a spike.
                  | [potion of mutation]
 97148 | Zig:15   | Gained mutation: One of your tentacles bears a nasty spike.
                  | [potion of mutation]
 97149 | Zig:15   | Lost mutation: One of your tentacles bears a nasty spike.
                  | [potion of mutation]
 97149 | Zig:15   | Lost mutation: One of your tentacles bears a spike. [potion
                  | of mutation]
 97149 | Zig:15   | Gained mutation: Your body sometimes deteriorates upon
                  | taking damage. [potion of mutation]
 97149 | Zig:15   | Gained mutation: Your muscles are strong. (Str +2) [potion
                  | of mutation]
 97163 | Zig:16   | Entered Level 16 of a ziggurat
 97176 | Zig:16   | Noticed a juggernaut
 97180 | Zig:16   | Killed a juggernaut
 97286 | Zig:16   | Got a coiled brass ring
 97368 | Zig:16   | Lost mutation: You are resistant to electric shocks.
                  | (rElec) [potion of mutation]
 97368 | Zig:16   | Lost mutation: Your body sometimes deteriorates upon taking
                  | damage. [potion of mutation]
 97368 | Zig:16   | Lost mutation: You are partially covered in large bone
                  | plates. (SH +4) [potion of mutation]
 97368 | Zig:16   | Gained mutation: You are often teleported next to monsters.
                  | [potion of mutation]
 97368 | Zig:16   | Gained mutation: You are surrounded by a mild repulsion
                  | field. (EV +2) [potion of mutation]
 97368 | Zig:16   | Gained mutation: You are partially covered in thin metallic
                  | scales. (AC +2) [potion of mutation]
 97371 | Zig:16   | Got a twitching golden amulet
 97372 | Zig:16   | Identified the ring of Kueriviuri {rN+ Dex+6} (You found it
                  | on level 16 of a ziggurat)
 97373 | Zig:16   | Identified the amulet of Cymeyk {Inacc Str+4} (You found it
                  | on level 16 of a ziggurat)
 97382 | Zig:17   | Entered Level 17 of a ziggurat
 97388 | Zig:17   | Noticed a dread lich
 97390 | Zig:17   | Noticed an ancient lich
 97398 | Zig:17   | Killed a dread lich
 97398 | Zig:17   | Killed an ancient lich
 97586 | Zig:17   | Lost mutation: You are surrounded by a mild repulsion
                  | field. (EV +2) [potion of mutation]
 97586 | Zig:17   | Lost mutation: You are often teleported next to monsters.
                  | [potion of mutation]
 97586 | Zig:17   | Lost mutation: You are partially covered in iridescent
                  | scales. (AC +2) [potion of mutation]
 97586 | Zig:17   | Lost mutation: You are partially covered in thin metallic
                  | scales. (AC +2) [potion of mutation]
 97586 | Zig:17   | Gained mutation: You are partially covered in slimy green
                  | scales. (AC +2) [potion of mutation]
 97590 | Zig:18   | Entered Level 18 of a ziggurat
 97604 | Zig:18   | Noticed a juggernaut
 97605 | Zig:18   | Noticed a juggernaut
 97605 | Zig:18   | Noticed a juggernaut
 97605 | Zig:18   | Noticed a juggernaut
 97606 | Zig:18   | Noticed a juggernaut
 97608 | Zig:18   | Killed a juggernaut
 97608 | Zig:18   | Killed a juggernaut
 97609 | Zig:18   | Killed a juggernaut
 97612 | Zig:18   | Killed a juggernaut
 97612 | Zig:18   | Killed a juggernaut
 97844 | Zig:18   | Lost mutation: You are sometimes teleported next to
                  | monsters. [potion of mutation]
 97844 | Zig:18   | Lost mutation: You can translocate small distances at will.
                  | [potion of mutation]
 97844 | Zig:18   | Gained mutation: You occasionally shout uncontrollably at
                  | your foes. [potion of mutation]
 97844 | Zig:18   | Gained mutation: You are partially covered in yellow
                  | scales. (AC +2) [potion of mutation]
 97844 | Zig:18   | Gained mutation: You have supernaturally acute eyesight.
                  | (SInv) [potion of mutation]
 97934 | Zig:19   | Entered Level 19 of a ziggurat
 97956 | Zig:19   | Noticed an ancient lich
 97964 | Zig:19   | Killed an ancient lich
 98222 | Zig:19   | Lost mutation: You have supernaturally acute eyesight.
                  | (SInv) [potion of mutation]
 98222 | Zig:19   | Lost mutation: You have a pair of small antennae on your
                  | head. [potion of mutation]
 98222 | Zig:19   | Gained mutation: You are frail. (-10% HP) [potion of
                  | mutation]
 98222 | Zig:19   | Gained mutation: You have a beak for a mouth. [potion of
                  | mutation]
 98232 | Zig:20   | Entered Level 20 of a ziggurat
 98243 | Zig:20   | Reached skill level 24 in Shields
 98255 | Zig:20   | Found the +8 longbow "Zephyr" {speed, Dex+3 SInv}
 98548 | Zig:20   | Got a pitted iron ring
 98559 | Zig:20   | Identified the ring of Ru's Reproof {Will++ Dex+4 Stlth+}
                  | (You found it on level 20 of a ziggurat)
 98566 | Zig:21   | Entered Level 21 of a ziggurat
 98574 | Zig:21   | Noticed a royal mummy
 98574 | Zig:21   | Noticed a royal mummy
 98577 | Zig:21   | Noticed a royal mummy
 98577 | Zig:21   | Noticed a royal mummy
 98583 | Zig:21   | Noticed a royal mummy
 98583 | Zig:21   | Noticed a royal mummy
 98584 | Zig:21   | Killed a royal mummy
 98585 | Zig:21   | Killed a royal mummy
 98586 | Zig:21   | Killed a royal mummy
 98586 | Zig:21   | Killed a royal mummy
 98586 | Zig:21   | Noticed a royal mummy
 98587 | Zig:21   | Killed a royal mummy
 98587 | Zig:21   | Killed a royal mummy
 98587 | Zig:21   | Killed by a mummy priest's death curse

Illustrated notes .... ## #.##.#h . ##..#..#.###. ##.. .....#... ...#...$..... #..#x#..#..# #.#..$..# #..8...##... #...#.#...#. ### ####.#..# #.. #∩'.'.'...###.# # ######.#.#... # .. ##..##.. 2# # ... #.#.## ## . ... ##.##.. # . ## . .# .. . . Turn 85181 on Abyss:3: gross

).. ... .# ...##..# '
3 ##...... . ..
#......# .#'# $
#......# +$'. #####.#
#....##$.#'#. ......#
#.....2&23... .......
.#.28#{ ......#
##.#.3#.# ......#
##..#..###.##
......####^.#.........
......................
......[.)...?.........
.....)..)...##########
......).....#
###.........#


Turn 89581 on Pan: you fucking bitch

Levels and vault maps discovered:
D:1:      dpeg_arrival_pits, layout_loops_ring
D:2:      layout_loops_cross, serial_bayou_lake_a, uniq_natasha, uniq_sigmund
D:3:      layout_basic, minmay_misc_feat_diagonals
D:4:      layout_cave_pools
D:5:      layout_loops_ring, portal_sewer_entry_f
D:6:      layout_basic, enter_ossuary_1, grunt_decor_mini_mirrors
D:7:      layout_loops_ring, minmay_temple_entry_offerings, serial_shops, shop
D:8:      layout_basic, mrwooster_statue_mirror,
          minmay_fractal_squares_gapless_5, uniq_maurice, uniq_grum, uniq_erica
D:9:      layout_irregular_city, nicolae_qazlal_eye_of_the_storm, enter_bailey_4
D:10:     layout_loops_corners, uniq_joseph, uniq_maggie, uniq_gastronok
D:11:     minmay_wavy_crystal, layout_long_grid, uniq_erolcha
D:12:     minmay_the_grid_triangle_9x9_recursive_2_mashed
          [minmay_the_grid_triangle_9x9_prize_special,
          minmay_the_grid_triangle_9x9_tough_junction,
          minmay_the_grid_triangle_9x9_checkered,
          minmay_the_grid_triangle_9x9_sparse_checkered], layout_small_grid,
          basic_altar
D:13:     layout_loops_corners, david_vaults_2, special_room [special_room_bee],
          minmay_diced_spiral
D:14:     layout_rooms, uniq_agnes
D:15:     grunt_enter_depths_magical_seal, layout_loops_corners,
          chequers_decorated_corner, serial_shops, nicolae_shop_statue_plus,
          uniq_jorgrun, uniq_rupert
Temple:   grunt_wide_crystal_templ
Lair:1:   layout_cave_pods, portal_ice_cave_entry_imps, beast_lair_carwin_2
Lair:2:   layout_regular_city, serial_bayou_shore_b, serial_bayou_shore_b
Lair:3:   layout_gridlike, minmay_snake_entry_six_corridors,
          chequers_serial_rivers_small_a, serial_bayou_shore_a,
          minmay_lair_oklob_chamber
Lair:4:   layout_regular_city, minmay_shoals_entry_lonely_mermaid,
          nicolae_quartered_pool_medium, serial_bayou_lagoon_a
Lair:5:   layout_hall_layers, lightli_volcano_entry_magma_tube,
          minmay_another_anthill, infiniplex_staircase_pool
Lair:6:   minmay_lair_end_enchanted_forest, layout_gridlike,
          nicolae_slime_entry_slimehenge, serial_bayou_pond_c,
          kilobyte_rumbling_trees, grunt_megastairs_4
Shoals:1: cheibrodos_shoals_oceanic_diplomacy, layout_shoals
Shoals:2: layout_shoals, uniq_polyphemus, uniq_ilsuiw
Shoals:3: layout_shoals, uniq_mara, uniq_donald, uniq_kirke
Shoals:4: shoals_end_grunt_garden, layout_shoals, uniq_nikola
Snake:1:  layout_misc_corridors, grunt_megastairs_2, minmay_shop_star
Snake:2:  layout_rooms
Snake:3:  layout_gridlike, serial_shops, shop, uniq_azrael
Snake:4:  minmay_snake_end_coiled, layout_cave_shapes, uniq_saint_roka
Slime:1:  layout_caves
Slime:2:  layout_caves
Slime:3:  layout_caves
Slime:4:  layout_caves, nicolae_slime_phagocytosis
Slime:5
Orc:1:    layout_diamond_mine, basic_altar, mines1_david
Orc:2:    grunt_orc_community_town_hall, layout_caves,
          grunt_orc_community_big_house_2, grunt_orc_community_big_house_1,
          grunt_orc_community_house_3, grunt_orc_community_house_1,
          grunt_orc_community_house_2, grunt_orc_community_house_2,
          gammafunk_ghost_fury_of_okawaru
Elf:1:    layout_rooms, serial_shops, shop, minmay_elf_sorcery,
          amcnicky_altar_gilded
Elf:2:    layout_loops_cross, serial_shops, nicolae_shop_trees,
          nicolae_elf_glass_and_crystal_pillar_2
Elf:3:    minmay_elf_hall_x, layout_geoelf_octagon, serial_shops, shop
Vaults:1: vaults_room_grid, hangedman_vaults_slice, ontoclasm_vaults_idyll,
          hangedman_vaults_impose, nicolae_vaults_little_squares_4, v_misc_26,
          v_alt_pattern_1, v_misc_30, hangedman_vaults_maws,
          layout_vaults_big_room, serial_shops, shop
Vaults:2: nicolae_vaults_stairing_the_circle, grunt_vaults_focal,
          ontoclasm_vaults_hangar, v_misc_28, hangedman_vaults_river_flow,
          v_misc_28, nicolae_vaults_circle_grid_b, v_misc_23,
          vaults_standard_mumra_enter_the_diamond,
          nicolae_vaults_little_squares_1, v_rooms_6, v_misc_19,
          vaults_room_door_ring, minmay_crypt_entry_simple_round,
          layout_vaults_maze, nicolae_trove_entry_crossroad
Vaults:3: grunt_vaults_hallway_long, nicolae_vaults_three_branches,
          nicolae_vaults_ninety_degrees, nicolae_vaults_diagonal_hallway_9,
          nicolae_vaults_little_squares_5, nicolae_vaults_asterisk,
          vaults_mumra_hexcomb, v_misc_8, v_misc_24, hangedman_vaults_stream,
          hangedman_vaults_variations, ontoclasm_vaults_loading_screen,
          vaults_room_hallway, hangedman_vaults_slice, nicolae_vaults_asterisk,
          layout_vaults_omnicross, serial_shops, shop_fountains
Vaults:4: v_misc_1, nicolae_vaults_what_the_h, ontoclasm_vaults_spin,
          hangedman_vaults_trim, st_lattice, ontoclasm_vaults_decontamination,
          grunt_vaults_twisty, v_misc_29, layout_vaults_omnigrid, uniq_jory
Vaults:5: uniq_bai_suzhen
Depths:1: layout_cross, enter_ziggurat_a, grunt_pan_entry_spiral, serial_shops,
          shop, hangedman_decor_points, pf_hell_entry_great_geh,
          minmay_misc_feat_room, guppyfry_shop_blood
Depths:2: nicolae_legendary_halls, layout_honeycomb,
          hangedman_decor_peaks_small, hell_entry,
          serial_sigils_hangedman_shear, minmay_hedge_maze,
          serial_sigils_hangedman_scratch
Depths:3: wad_guarded_room, layout_gridlike, hell_entry,
          minmay_misc_feat_ornament, rand_demon_pan_entry_1, serial_shops, shop,
          abyss_entry, st_stairs_6, grunt_ministairs_2,
          minmay_guarded_unrand_wrath_of_trog
Depths:4: angbandy_vault, layout_gridville, abyss_entry,
          pf_hell_entry_tar_spiral, abandoned_shop, grunt_megastairs_5,
          minmay_staircase_statues, serial_bayou_shore_b
Depths:5: grunt_runaround [grunt_runaround_doors_1, grunt_runaround_doors_2,
          grunt_runaround_doors_3, grunt_runaround_doors_4,
          grunt_runaround_zot], pan_entry, abyss_entry, hell_entry
Zig:21

Skill      XL: |  1  2  3  4  5  6  7  8  9 10 11 12 13 14 15 16 17 18 19 20 21 22 23 24 25 26 27 |
---------------+----------------------------------------------------------------------------------+-----
Fighting       | 1 2 3 5 6 8 9 10 11 13 14 15 16 | 16.9
Conjurations   | 1 2 3 4 5 6 9 10 | 10.0
Earth Magic    | 4 5 6 7 9 10 12 15 17 21 | 21.0
Spellcasting   | 3 4 6 7 9 10 11 13 14 15 17 18 23 | 23.2
Transmutations | 3 5 7 9 10 18 | 18.0
Dodging        | 4 5 6 9 11 13 14 15 | 15.0
Short Blades   | 4 6 7 9 10 | 10.0
Stealth        | 5 9 10 | 10.0
Shields        | 1 4 8 12 15 24 | 24.2
Poison Magic   | 1 2 |  2.0
Air Magic      | 2 |  2.0
Translocations | 2 3 |  3.0
Fire Magic     | 5 9 13 16 18 | 18.0
Unarmed Combat | 6 10 14 15 16 22 | 22.0
Evocations     | 7 15 | 15.0

Action                   |  1- 3 |  4- 6 |  7- 9 | 10-12 | 13-15 | 16-18 | 19-21 | 22-24 | 25-27 || total
-------------------------+-------+-------+-------+-------+-------+-------+-------+-------+-------++-------
Melee: Unarmed           |    26 |       |       |       |       |   254 |   444 |   506 |  2550 ||  3780
       Constrict         |     5 |    13 |    21 |    21 |    60 |    56 |    60 |    49 |   297 ||   582
       Tentacles         |     3 |    11 |    33 |    52 |    93 |   113 |   123 |   140 |   607 ||  1175
       Dagger            |       |    59 |   103 |   195 |   428 |   311 |     3 |       |       ||  1099
       Punch             |       |       |       |       |       |       |    18 |    74 |   434 ||   526
       Tailslap          |       |       |       |       |       |       |       |       |    35 ||    35
       Bite              |       |       |       |       |       |       |       |       |    20 ||    20
Throw: Dart              |       |       |       |       |       |       |       |       |     3 ||     3
 Cast: Sandblast         |    43 |    43 |    96 |     1 |       |       |       |       |       ||   183
       Stone Arrow       |       |    11 |    86 |   234 |   423 |   407 |   198 |    24 |       ||  1383
       Petrify           |       |       |     6 |    52 |   238 |    73 |     3 |       |       ||   372
       Lee's Rapid Decon |       |       |       |    46 |    49 |    44 |    19 |    20 |    17 ||   195
       Static Discharge  |       |       |       |     7 |     3 |     1 |       |       |       ||    11
       Blink             |       |       |       |     3 |     3 |       |       |       |     3 ||     9
       Apportation       |       |       |       |       |    11 |       |    43 |     1 |    81 ||   136
       Mephitic Cloud    |       |       |       |       |     7 |     2 |       |       |       ||     9
       Passwall          |       |       |       |       |     1 |       |       |       |       ||     1
       Bolt of Magma     |       |       |       |       |       |    20 |    42 |       |    11 ||    73
       Statue Form       |       |       |       |       |       |    58 |    80 |    46 |   136 ||   320
       Irradiate         |       |       |       |       |       |    47 |    45 |    22 |    51 ||   165
       Starburst         |       |       |       |       |       |     8 |    51 |       |       ||    59
       Ignition          |       |       |       |       |       |       |    20 |    41 |   118 ||   179
       Iron Shot         |       |       |       |       |       |       |       |    25 |   124 ||   149
       Borgnjor's Vile C |       |       |       |       |       |       |       |     1 |    12 ||    13
       Dragon Form       |       |       |       |       |       |       |       |       |    11 ||    11
       Shatter           |       |       |       |       |       |       |       |       |     5 ||     5
       Hydra Form        |       |       |       |       |       |       |       |       |     1 ||     1
Invok: Potion Petition   |       |       |       |     3 |     1 |       |     1 |     4 |    15 ||    24
       Call Merchant     |       |       |       |       |       |     1 |       |       |     9 ||    10
 Abil: End Transformatio |       |       |       |       |       |       |       |     1 |     2 ||     3
       Stop Flying       |       |       |       |       |       |       |       |       |     5 ||     5
       Evoke Invisibilit |       |       |       |       |       |       |       |       |     4 ||     4
Evoke: Wand              |       |       |       |    28 |     6 |     2 |     1 |       |     8 ||    45
       Condenser vane    |       |       |       |     1 |     2 |     2 |     1 |       |       ||     6
       Lightning rod     |       |       |       |       |     4 |     3 |       |       |       ||     7
       Phantom mirror    |       |       |       |       |       |     1 |     1 |       |     1 ||     3
       Tin of tremorston |       |       |       |       |       |       |       |     1 |     1 ||     2
  Use: Potion            |     3 |     1 |       |     3 |       |     1 |     1 |     2 |    20 ||    31
       Scroll            |       |       |     9 |    15 |    12 |     7 |     6 |    16 |    49 ||   114
 Stab: Sleeping          |     1 |    10 |     8 |     3 |     2 |     5 |     2 |     1 |    29 ||    61
       Petrified         |       |       |    13 |   113 |   217 |    50 |     8 |       |     3 ||   404
       Distracted        |       |       |       |     1 |       |     8 |     5 |     7 |    68 ||    89
       Confused          |       |       |       |       |     6 |     1 |       |       |       ||     7
       Petrifying        |       |       |       |       |     8 |     8 |       |       |     1 ||    17
       Invisible         |       |       |       |       |       |       |       |       |     3 ||     3
Armor: Skin              |     6 |     6 |     9 |    47 |     3 |   319 |   269 |   164 |   858 ||  1681
Dodge: Dodged            |    36 |    63 |    74 |   126 |   193 |   548 |   434 |   294 |  1679 ||  3447
Block: Buckler           |       |       |       |       |   114 |    63 |       |       |       ||   177
       Reflection        |       |       |       |       |     1 |       |    55 |    41 |    77 ||   174
       Kite shield       |       |       |       |       |       |   559 |   528 |   484 |  1817 ||  3388
       Tower shield      |       |       |       |       |       |       |       |       |   954 ||   954

Table legend: (Time is in decaauts)
 A = Elapsed time spent in this place.
 B = Non-inter-level travel time spent in this place.
 C = Inter-level travel time spent in this place.
 D = Time resting spent in this place.
 E = Time spent auto-exploring this place.
 F = Levels seen in this place.
 G = Mean time per level.
                   A        B        C        D        E       F      G
               +--------+--------+--------+--------+--------+-----+--------+
         Total | 106945 | 101454 |   5491 |  11616 |  58506 |  92 | 1162.4 |
       Dungeon |  27021 |  24944 |   2077 |   2723 |  18037 |  15 | 1801.4 |
        Temple |    151 |    128 |     23 |      0 |    120 |   1 |  151.0 |
          Lair |  12792 |  11738 |   1054 |   2193 |   6930 |   6 | 2132.0 |
        Shoals |   6696 |   6263 |    433 |    317 |   3975 |   4 | 1674.0 |
     Snake Pit |   7540 |   7120 |    420 |    933 |   4292 |   4 | 1885.0 |
    Slime Pits |   3699 |   3477 |    222 |    554 |   2088 |   5 |  739.8 |
  Orcish Mines |   3428 |   3208 |    220 |    656 |   1686 |   2 | 1714.0 |
   Elven Halls |   3593 |   3358 |    235 |      2 |   2322 |   3 | 1197.7 |
        Vaults |  11340 |  10929 |    411 |    939 |   7470 |   5 | 2268.0 |
        Depths |   9358 |   8965 |    393 |    488 |   5775 |   5 | 1871.6 |
         Abyss |   2925 |   2925 |      0 |      4 |    116 |   3 |  975.0 |
   Pandemonium |  10834 |  10834 |      0 |    983 |   2920 |  13 |  833.4 |
      Ziggurat |   3386 |   3386 |      0 |    267 |   1126 |  21 |  161.2 |
         Sewer |    156 |    156 |      0 |      0 |    127 |   1 |  156.0 |
       Ossuary |    927 |    927 |      0 |     45 |    668 |   1 |  927.0 |
        Bailey |    885 |    885 |      0 |    379 |    327 |   1 |  885.0 |
      Ice Cave |   1650 |   1650 |      0 |    935 |    402 |   1 | 1650.0 |
       Volcano |    556 |    556 |      0 |    194 |    122 |   1 |  556.0 |
               +--------+--------+--------+--------+--------+-----+--------+

Top non-repeatable levels by time:
Vaults:4: 3694 daAuts
    D:11: 2950 daAuts
    D:13: 2815 daAuts
    D:10: 2654 daAuts
  Lair:5: 2538 daAuts
    D:15: 2472 daAuts
  Lair:3: 2389 daAuts
  Lair:6: 2378 daAuts
 Snake:3: 2364 daAuts
     D:8: 2329 daAuts
 Snake:4: 2328 daAuts
   Orc:2: 2180 daAuts
Depths:4: 2127 daAuts
Depths:3: 2078 daAuts
Vaults:3: 2072 daAuts
